 Dungeon Crawl Stone Soup version 0.29-a0-270-g1586fc07ea (webtiles) character file.

Game seed: 14705652348596930472

657 bearlyready the Chopper (level 7, -4/55 HPs)
             Began as a Barachi Artificer on Mar 7, 2022.
             Was a Believer of Cheibriados.
             Slain by an ogre
             ... wielding a +0 giant spiked club
              (25 damage)
             ... on level 5 of the Dungeon.
             The game lasted 00:12:14 (5270 turns).

bearlyready the Chopper (Barachi Artificer)         Turns: 5270, Time: 00:12:15

Health: -4/55      AC:  8    Str: 19    XL:     7   Next: 55%
Magic:  0/7        EV: 11    Int: 28    God:    Cheibriados [**....]
Gold:   60         SH:  0    Dex: 22    Spells: 2/6 levels left

rFire   . . .      SeeInvis .   q - +0 hand axe
rCold   + . .      Faith    .   (no shield)
rNeg    . . .      Spirit   +   g - +0 ring mail
rPois   .          Reflect  .   D - +1 helmet "Koigawn" {rElec Int+6}
rElec   +          Harm     .   (no cloak)
rCorr   .          Rampage  .   B - +0 pair of gloves of the Shrike {rC+}
Will    .....                   (no boots)
Stlth   +.........              p - amulet of guardian spirit
HPRegen 0.18/turn               v - +6 ring of dexterity
MPRegen 0.10/turn               l - +6 ring of intelligence

@: unable to hop, very slow
A: amphibious, slowness 1, strong legs 1, +LOS
a: Hop, Renounce Religion, Bend Time


You were on level 5 of the Dungeon.
You worshipped Cheibriados.
Cheibriados was pleased with you.
You visited 1 branch of the dungeon, and saw 5 of its levels.
You also visited: Sewer.

You collected 156 gold pieces.
You spent 96 gold pieces at shops.

Inventory:

Hand Weapons
 a - a +0 club
 j - a +0 mace
 m - a +0 broad axe
 q - a +0 hand axe (weapon)
Missiles
 u - 6 boomerangs (quivered)
 y - 35 stones
Armour
 b - a +0 leather armour
 g - a +0 ring mail (worn)
 o - a +0 pair of gloves
 r - a +0 helmet
 B - the +0 pair of gloves of the Shrike (worn) {rC+}
   (You found it in a sewer)

   rC:        It protects you from cold.
 D - the +1 helmet "Koigawn" (worn) {rElec Int+6}
   (You found it on level 4 of the Dungeon)

   Int:       It affects your intelligence (+6).
   rElec:     It insulates you from electricity.
 E - a +2 helmet
Jewellery
 l - a +6 ring of intelligence (right hand)
 n - a ring of ice
 p - an amulet of guardian spirit (around neck)
 v - a +6 ring of dexterity (left hand)
Wands
 c - a wand of flame (39)
 d - a wand of charming (13)
Scrolls
 f - a scroll of noise
 i - 2 scrolls of identify
 k - a scroll of brand weapon
 C - a scroll of magic mapping {unknown}
 G - a scroll of fog {unknown}
 H - a scroll of fear {unknown}
Potions
 h - a potion of mutation {unknown}
 t - a potion of attraction {unknown}
 w - a potion of heal wounds
 x - a potion of curing
 z - a potion of flight {unknown}
 F - a potion of ambrosia {unknown}


   Skills:
 - Level 4.8 Fighting
 + Level 6.3 Axes
 + Level 0.0 Throwing
 - Level 2.4 Armour
 - Level 1.1 Dodging
 - Level 0.8 Stealth
 - Level 3.0 Summonings
 - Level 4.0 Evocations


You had 2 spell levels left.
You knew the following spells:

 Your Spells              Type           Power      Damage    Failure   Level
a - Summon Small Mammal   Summ           64%        N/A       5%          1
b - Call Canine Familiar  Summ           16%        N/A       16%         3

Your spell library contained the following spells:

 Spells                   Type           Power      Damage    Failure   Level
 Summon Guardian Golem    Hex/Summ       8%         N/A       30%         3


Dungeon Overview and Level Annotations

Branches:
Dungeon (5/15)             Temple (0/1) D:4           Sewer (visited)

Altars:
Cheibriados
Hepliaklqana
Qazlal
Xom
The Shining One

Shops:
D:3 !

Annotations:
D:4 2 transporters, frimble's ghost, amateur GnIE
D:5 1 transporter


Innate Abilities, Weirdness & Mutations

You are amphibious.
You cover ground slowly.
You can hop short distances.
You have an extended range of vision and can be seen from far away.


Message History

Your hound closely misses the ogre.
Throw: 2 darts (poison)
Press: ? - help, Q - select action, (/) - cycle Shift-Dir - straight line, f - ogre
Aim: an ogre, wielding a +0 giant spiked club (heavily wounded, very poisoned, ally target, 78% to hit)
You throw a poisoned dart. The poisoned dart hits the ogre.
The ogre is heavily wounded.
Your hound closely misses the ogre.
Your rat barely misses the ogre.
The ogre hits your hound with a +0 giant spiked club!!
Your hound dies!
Your hound's corpse disappears in a puff of smoke!
Casting: Summon Small Mammal (safe; 5% risk of failure)
Confirm with . or Enter, or press ? or * to list all spells.
Okay, then.
Casting: Summon Small Mammal (safe; 5% risk of failure)
Confirm with . or Enter, or press ? or * to list all spells.
You don't have enough magic to cast this spell.
Aiming: Charm
Press: ? - help, Shift-Dir - straight line, f/p - ogre
Aim: an ogre, wielding a +0 giant spiked club (heavily wounded, very poisoned, ally target, chance to affect: 59%)
Okay, then.
Your rat bites the ogre.
The ogre hits your rat with a +0 giant spiked club!!
Your rat dies!
Your rat's corpse disappears in a puff of smoke!
The ogre shouts!
Throw: dart (poison)
Press: ? - help, Q - select action, (/) - cycle Shift-Dir - straight line, f/p - ogre
Aim: an ogre, wielding a +0 giant spiked club (severely wounded, poisoned, 78% to hit)
You throw a poisoned dart. The poisoned dart hits the ogre.
The ogre looks even sicker.
The ogre is severely wounded.
Okay, then.
Okay, then.
The ogre attacks as you move away! The ogre closely misses you.
The ogre attacks as you move away!
The ogre hits you with a +0 giant spiked club!
The ogre barely misses you. The ogre attacks as you move away!
The ogre hits you with a +0 giant spiked club!!
You die...

#.....##..... ...
#.))..##.........# #
###................
##.#..........#......
#............##......
#..##......(.##.....
## ###..#.(.....# .
#...(......##...
##..##@.........
#.(.###O........
#........#..#.#.
###.#..### ## #.####
###


You could see an ogre (very poisoned).

Vanquished Creatures
  An orc warrior (D:5)
  A black bear (D:3)
  2 bullfrogs (Sewer)
  A necrophage (D:4)
  A hound (D:3)
  An orc priest (D:5)
  An iron imp (D:3)
  A gnoll (D:3)
  6 adders
  A white imp (D:5)
  A worm (D:4)
  A dart slug (D:1)
  An orc (D:5)
  7 bats
  9 endoplasms
  9 giant cockroaches
  5 goblins
  5 hobgoblins
  6 quokkas
  11 ball pythons
  15 frilled lizards
  2 kobolds
  5 rats
93 creatures vanquished.

Vanquished Creatures (collateral kills)
  A hound (D:5)
  A gnoll (D:3)
2 creatures vanquished.

Vanquished Creatures (others)
  A gnoll (D:3)
1 creature vanquished.

Grand Total: 96 creatures vanquished

Notes
Turn   | Place    | Note
-------+----------+-------------------------------------------
     0 | D:1      | bearlyready the Barachi Artificer began the quest for the
                  | Orb.
     0 | D:1      | Reached XP level 1. HP: 15/15 MP: 1/1
   426 | D:1      | Reached XP level 2. HP: 21/23 MP: 2/2
  1280 | D:1      | Reached XP level 3. HP: 29/29 MP: 3/3
  2272 | D:2      | Reached XP level 4. HP: 37/37 MP: 4/4
  2752 | D:3      | Noticed a black bear
  2755 | D:3      | Killed a black bear
  2756 | D:3      | Reached skill level 2 in Axes
  2756 | D:3      | Reached XP level 5. HP: 43/43 MP: 5/5
  2810 | D:3      | Found a snail-covered altar of Cheibriados.
  2828 | D:3      | Became a worshipper of Cheibriados the Contemplative
  2962 | D:3      | Found a stormy altar of Qazlal.
  2969 | D:3      | Reached skill level 3 in Axes
  3085 | D:3      | Found a faded altar of an unknown god.
  3085 | D:3      | Found a faded altar of an unknown god.
  3092 | D:3      | Found a glowing golden altar of the Shining One.
  3094 | D:3      | Found a hazy altar of Hepliaklqana.
  3096 | D:3      | Found a shimmering altar of Xom.
  3154 | D:3      | Found Ifemil's Distillery.
  3169 | D:3      | Bought a potion of heal wounds for 60 gold pieces
  3169 | D:3      | Bought a potion of curing for 36 gold pieces
  3341 | D:3      | Reached skill level 4 in Axes
  3341 | D:3      | Reached XP level 6. HP: 35/50 MP: 4/6
  3913 | D:4      | Found a transporter.
  3913 | D:4      | Noticed frimble's ghost (amateur GnIE)
  3918 | D:4      | Found a transporter.
  4059 | D:4      | Found a glowing drain.
  4077 | Sewer    | Entered a sewer
  4134 | Sewer    | Reached * piety under Cheibriados
  4312 | Sewer    | Reached skill level 5 in Axes
  4374 | Sewer    | Identified the +0 pair of gloves of the Shrike {rC+}
  4493 | D:4      | Identified the +1 helmet "Koigawn" {rElec Int+6}
  4517 | D:4      | Found a staircase to the Ecumenical Temple.
  4626 | D:4      | Learned a level 1 spell: Summon Small Mammal
  4630 | D:4      | Learned a level 3 spell: Call Canine Familiar
  4744 | D:4      | Reached ** piety under Cheibriados
  4757 | D:4      | Reached skill level 1 in Summonings
  4757 | D:4      | Reached XP level 7. HP: 54/55 MP: 7/7
  5051 | D:5      | Entered Level 5 of the Dungeon
  5051 | D:5      | Found a transporter.
  5121 | D:5      | Reached skill level 6 in Axes
  5270 | D:5      | Slain by an ogre

Illustrated notes

Levels and vault maps discovered:
D:1:      dpeg_arrival_simpleton_c, layout_basic, minivault_11
D:2:      layout_rooms, kennysheep_nondescript
D:3:      layout_loops_corners, nicolae_qazlal_general_emergency, slow_altar_1,
          chequers_temple_overflow_minitemple, serial_shops,
          nicolae_shop_statue_plus
D:4:      layout_basic, minmay_temple_entry_mini_moons,
          cheibrodos_sewer_entry_bend, gammafunk_ghost_arena,
          kennysheep_generic_room_14
D:5:      layout_cave_pools, gammafunk_ghost_arena

Skill      XL: |  1  2  3  4  5  6  7 |
---------------+----------------------+-----
Fighting       | 2 3 4 |  4.8
Evocations     | 4 |  4.0
Axes           | 2 4 5 6 |  6.3
Summonings     | 1 3 |  3.0
Armour         | |  2.4
Dodging        | |  1.1
Stealth        | |  0.8

Action                   |  1- 3 |  4- 6 |  7- 9 || total
-------------------------+-------+-------+-------++-------
Melee: Club              |    48 |       |       ||    48
       Mace              |    43 |       |       ||    43
       Hand axe          |     4 |   172 |    47 ||   223
       Punch             |     1 |     3 |     3 ||     7
Throw: Dart              |       |       |     5 ||     5
 Cast: Summon Small Mamm |       |       |     3 ||     3
       Call Canine Famil |       |       |     2 ||     2
 Abil: Hop               |       |     2 |     2 ||     4
Evoke: Wand              |     3 |    11 |     4 ||    18
  Use: Scroll            |       |     3 |     1 ||     4
 Stab: Sleeping          |       |     1 |       ||     1
       Distracted        |       |       |     1 ||     1
Armor: Leather armour    |    16 |       |       ||    16
       Ring mail         |    31 |    76 |    18 ||   125
Dodge: Dodged            |    84 |   112 |    22 ||   218

Table legend: (Time is in decaauts)
 A = Elapsed time spent in this place.
 B = Non-inter-level travel time spent in this place.
 C = Inter-level travel time spent in this place.
 D = Time resting spent in this place.
 E = Time spent auto-exploring this place.
 F = Levels seen in this place.
 G = Mean time per level.
                   A        B        C        D        E       F      G
               +--------+--------+--------+--------+--------+-----+--------+
         Total |   6435 |   6315 |    120 |    239 |   4978 |   6 | 1072.5 |
       Dungeon |   5977 |   5857 |    120 |    239 |   4734 |   5 | 1195.4 |
         Sewer |    457 |    457 |      0 |      0 |    243 |   1 |  457.0 |
               +--------+--------+--------+--------+--------+-----+--------+

Top non-repeatable levels by time:
     D:1: 2142 daAuts
     D:3: 1622 daAuts
     D:4: 1240 daAuts
     D:2: 732 daAuts
   Sewer: 457 daAuts
     D:5: 240 daAuts
